TOP OF THE 1ST |
El Dorado Oilers batting - Pitching for San Francisco Bandits : RHP Kunihiko Daikawa
|
Pitching: RHP Kunihiko Daikawa
|
|
Batting: RHB Nick Webb
|
0-0: Ground out 4-3 (Groundball, 4MS)
|
Batting: LHB Ashley Pickhills
|
0-0: Ball 1-0: Ball 2-0: Called Strike 2-1: Ground out 1-3 (Groundball, 13S)
|
Batting: LHB Tony Abete
|
0-0: Ball 1-0: Ball 2-0: Ball 3-0: Called Strike 3-1: Base on Balls
|
Batting: LHB José Hernández
|
0-0: Ball 1-0: Ball 2-0: DOUBLE (Line Drive, 9LD) Tony Abete to third Runner from 3rd tries for Home, SAFE, no throw
|
Batting: LHB Chris Miller
|
0-0: Ball 1-0: SINGLE (Line Drive, 7LS) José Hernández to third Runner from 3rd tries for Home, SAFE, no throw
|
Batting: RHB Bob Johnson
|
0-0: Foul Ball, location: 2F 0-1: Foul Ball, location: 2F 0-2: Ball 1-2: Fielders Choice at 2nd, 6-4 (Groundball, 6)
|
Top of the 1st over - 2 run(s), 2 hit(s), 0 error(s), 0 left on base; El Dorado 2 - San Francisco 0 |
BOTTOM OF THE 1ST |
San Francisco Bandits batting - Pitching for El Dorado Oilers : RHP Mark Anderson
|
Pitching: RHP Mark Anderson
|
|
Batting: RHB Raúl Bruno
|
0-0: Foul Ball, location: 2F 0-1: Foul Ball, location: 2F 0-2: Fly out, F9 (Flyball, 9S)
|
Batting: LHB Seung-woo Yi
|
0-0: Swinging Strike 0-1: Ball 1-1: Swinging Strike 1-2: Ball 2-2: Fly out, F8 (Flyball, 8LXD)
|
Batting: RHB Owen Carter
|
0-0: Ball 1-0: Foul Ball, location: 2F 1-1: DOUBLE (Line Drive, 78D)
|
Batting: LHB Mario García
|
0-0: Foul Ball, location: 2F 0-1: Ball 1-1: Called Strike 1-2: Ball 2-2: Ball 3-2: Base on Balls
|
Batting: RHB Glenn Melican
|
0-0: Ball 1-0: Ball 2-0: Foul Ball, location: 2F 2-1: Called Strike 2-2: Foul Ball, location: 2F 2-2: Fly out, F8 (Flyball, 8LXD)
|
Bottom of the 1st over - 0 run(s), 1 hit(s), 0 error(s), 2 left on base; El Dorado 2 - San Francisco 0 |
TOP OF THE 2ND |
El Dorado Oilers batting - Pitching for San Francisco Bandits : RHP Kunihiko Daikawa
|
Batting: RHB Chris Parker
|
0-0: Called Strike 0-1: Foul Ball, location: 2F 0-2: Fly out, F9 (Flyball, 9S)
|
Batting: RHB José Carlos Caraballo
|
0-0: Called Strike 0-1: Fly out, F3 (Line Drive, 3L)
|
Batting: LHB José Martínez
|
0-0: Called Strike 0-1: Ball 1-1: Ball 2-1: Ball 3-1: Fly out, F8 (Flyball, 89D)
|
Top of the 2nd over - 0 run(s), 0 hit(s), 0 error(s), 0 left on base; El Dorado 2 - San Francisco 0 |
BOTTOM OF THE 2ND |
San Francisco Bandits batting - Pitching for El Dorado Oilers : RHP Mark Anderson
|
Batting: LHB Anacleto Morillo
|
0-0: Ground out 4-3 (Groundball, 34)
|
Batting: RHB Scott Merritt
|
0-0: Called Strike 0-1: Ground out 6-3 (Groundball, 6)
|
Batting: RHB Ramón Ruíz
|
0-0: Foul Ball, location: 2F 0-1: Ball 1-1: Foul Ball, location: 2F 1-2: Foul Ball, location: 2F 1-2: Ball 2-2: Strikes out looking
|
Bottom of the 2nd over - 0 run(s), 0 hit(s), 0 error(s), 0 left on base; El Dorado 2 - San Francisco 0 |
TOP OF THE 3RD |
El Dorado Oilers batting - Pitching for San Francisco Bandits : RHP Kunihiko Daikawa
|
Batting: RHB Nick Webb
|
0-0: SINGLE (Line Drive, 4D)
|
Batting: LHB Ashley Pickhills
|
0-0: Ball 1-0: Ground out U3 (Groundball, 34) Nick Webb to second
|
Batting: LHB Tony Abete
|
0-0: Ball 1-0: SINGLE (Groundball, 34D) Nick Webb to third Runner from 3rd tries for Home, SAFE, no throw
|
Batting: LHB José Hernández
|
0-0: Ball 1-0: Ball 2-0: Foul Ball, location: 2F 2-1: Ball 3-1: Foul Ball, location: 2F 3-2: Ground out U3 (Groundball, 3L) Tony Abete to second
|
Batting: LHB Chris Miller
|
0-0: Ball 1-0: Ball 2-0: Foul Ball, location: 2F 2-1: Hit by Pitch
|
Batting: RHB Bob Johnson
|
0-0: Ball 1-0: Ball 2-0: Called Strike 2-1: Ball 3-1: Foul Ball, location: 2F 3-2: Base on Balls Tony Abete to third Chris Miller to second
|
Batting: RHB Chris Parker
|
0-0: Called Strike 0-1: Fly out, F8 (Flyball, 8RD)
|
Top of the 3rd over - 1 run(s), 2 hit(s), 0 error(s), 3 left on base; El Dorado 3 - San Francisco 0 |
BOTTOM OF THE 3RD |
San Francisco Bandits batting - Pitching for El Dorado Oilers : RHP Mark Anderson
|
Batting: LHB Alberto Gómez
|
0-0: Ball 1-0: Ball 2-0: Called Strike 2-1: Fly out, F6 (Line Drive, 56)
|
Batting: RHB Raúl Bruno
|
0-0: Swinging Strike 0-1: Ball 1-1: Fly out, F7 (Flyball, 7)
|
Batting: LHB Seung-woo Yi
|
0-0: DOUBLE (Line Drive, 9LM)
|
Batting: RHB Owen Carter
|
0-0: Ball 1-0: Foul Ball, location: 2F 1-1: Ball 2-1: Foul Ball, location: 2F 2-2: Foul Ball, location: 2F 2-2: Ball 3-2: Foul Ball, location: 2F 3-2: Hit by Pitch
|
Batting: LHB Mario García
|
0-0: Foul Ball, location: 2F 0-1: Foul Ball, location: 2F 0-2: Foul Ball, location: 2F 0-2: Fly out, F6 (Line Drive, 6D)
|
Bottom of the 3rd over - 0 run(s), 1 hit(s), 0 error(s), 2 left on base; El Dorado 3 - San Francisco 0 |
TOP OF THE 4TH |
El Dorado Oilers batting - Pitching for San Francisco Bandits : RHP Kunihiko Daikawa
|
Batting: RHB José Carlos Caraballo
|
0-0: Called Strike 0-1: Ball 1-1: Swinging Strike 1-2: Fly out, F9 (Flyball, 9S)
|
Batting: LHB José Martínez
|
0-0: Called Strike 0-1: SOLO HOME RUN (Flyball, 89XD), Distance : 423 ft
|
Batting: RHB Nick Webb
|
0-0: Ball 1-0: Ball 2-0: SINGLE (Groundball, 4MD)
|
Batting: LHB Ashley Pickhills
|
0-0: Ball 1-0: Ball 2-0: Ball 3-0: Base on Balls Nick Webb to second
|
Batting: LHB Tony Abete
|
0-0: Ball 1-0: Ball 2-0: Called Strike 2-1: Foul Ball, location: 2F 2-2: Strikes out swinging
|
Batting: LHB José Hernández
|
0-0: Ball 1-0: Swinging Strike 1-1: Foul Ball, location: 2F 1-2: Ball 2-2: Strikes out swinging
|
Top of the 4th over - 1 run(s), 2 hit(s), 0 error(s), 2 left on base; El Dorado 4 - San Francisco 0 |
BOTTOM OF THE 4TH |
San Francisco Bandits batting - Pitching for El Dorado Oilers : RHP Mark Anderson
|
Batting: RHB Glenn Melican
|
0-0: Ball 1-0: Ground out U3 (Groundball, 34)
|
Batting: LHB Anacleto Morillo
|
0-0: Foul Ball, location: 2F 0-1: Called Strike 0-2: Ball 1-2: Ball 2-2: Foul Ball, location: 2F 2-2: Ground out 4-3 (Groundball, 4S)
|
Batting: RHB Scott Merritt
|
0-0: Foul Ball, location: 2F 0-1: Ball 1-1: Foul Ball, location: 2F 1-2: Fly out, F8 (Flyball, 8LD)
|
Bottom of the 4th over - 0 run(s), 0 hit(s), 0 error(s), 0 left on base; El Dorado 4 - San Francisco 0 |
TOP OF THE 5TH |
El Dorado Oilers batting - Pitching for San Francisco Bandits : RHP Kunihiko Daikawa
|
Batting: LHB Chris Miller
|
0-0: Called Strike 0-1: Called Strike 0-2: Ball 1-2: Foul Ball, location: 2F 1-2: Reached on error, E5 (Groundball, 56S)
|
Batting: RHB Bob Johnson
|
0-0: Called Strike Chris Miller steals 2nd base 0-1: Ball 1-1: Called Strike 1-2: Ball 2-2: SINGLE (Line Drive, 34D) Chris Miller to third
|
Pitching: RHP Felipe Reyes
|
|
Batting: RHB Chris Parker
|
0-0: Called Strike 0-1: Ball 1-1: Ball 2-1: Foul Ball, location: 2F 2-2: Ball 3-2: Strikes out looking Bob Johnson steals 2nd base Batter strikes out.
|
Batting: RHB José Carlos Caraballo
|
0-0: Ball 1-0: Swinging Strike 1-1: Swinging Strike 1-2: Ball 2-2: Foul Ball, location: 2F 2-2: Strikes out swinging
|
Batting: LHB José Martínez
|
0-0: Called Strike 0-1: Ball 1-1: Ball 2-1: Swinging Strike 2-2: Ground out U3 (Groundball, 3)
|
Top of the 5th over - 0 run(s), 1 hit(s), 1 error(s), 2 left on base; El Dorado 4 - San Francisco 0 |
BOTTOM OF THE 5TH |
San Francisco Bandits batting - Pitching for El Dorado Oilers : RHP Mark Anderson
|
Batting: RHB Ramón Ruíz
|
0-0: Ball 1-0: Called Strike 1-1: Called Strike 1-2: Ball 2-2: Strikes out looking
|
Batting: LHB Alberto Gómez
|
0-0: Ball 1-0: Foul Ball, location: 2F 1-1: Ball 2-1: Ball 3-1: Called Strike 3-2: Fly out, F7 (Flyball, 78M)
|
Batting: RHB Raúl Bruno
|
0-0: Ball 1-0: Ball 2-0: Ball 3-0: Base on Balls
|
Batting: LHB Seung-woo Yi
|
0-0: Ball 1-0: Ball 2-0: Fielders Choice at 2nd, 6-4 (Groundball, 6)
|
Bottom of the 5th over - 0 run(s), 0 hit(s), 0 error(s), 0 left on base; El Dorado 4 - San Francisco 0 |
TOP OF THE 6TH |
El Dorado Oilers batting - Pitching for San Francisco Bandits : RHP Felipe Reyes
|
Batting: RHB Nick Webb
|
0-0: Ball 1-0: Ball 2-0: Foul Ball, location: 2F 2-1: Ball 3-1: Called Strike 3-2: Strikes out looking
|
Batting: LHB Ashley Pickhills
|
0-0: Called Strike 0-1: Foul Ball, location: 2F 0-2: Ball 1-2: Fly out, F9 (Flyball, 9)
|
Batting: LHB Tony Abete
|
0-0: Foul Ball, location: 2F 0-1: Swinging Strike 0-2: Foul Ball, location: 2F 0-2: Ball 1-2: Strikes out looking
|
Top of the 6th over - 0 run(s), 0 hit(s), 0 error(s), 0 left on base; El Dorado 4 - San Francisco 0 |
BOTTOM OF THE 6TH |
San Francisco Bandits batting - Pitching for El Dorado Oilers : RHP Mark Anderson
|
Batting: RHB Owen Carter
|
0-0: Called Strike 0-1: Ball 1-1: Ball 2-1: SINGLE (Line Drive, 78S)
|
Batting: LHB Mario García
|
0-0: Ball 1-0: Foul Ball, location: 2F 1-1: Ball 2-1: Fly out, F9 (Line Drive, 9)
|
Batting: RHB Glenn Melican
|
0-0: Called Strike 0-1: Fielders Choice at 2nd, 6-4 (Groundball, 56)
|
Batting: LHB Anacleto Morillo
|
0-0: Ground out U3 (Groundball, 34S)
|
Bottom of the 6th over - 0 run(s), 1 hit(s), 0 error(s), 1 left on base; El Dorado 4 - San Francisco 0 |
TOP OF THE 7TH |
El Dorado Oilers batting - Pitching for San Francisco Bandits : RHP Felipe Reyes
|
Batting: LHB José Hernández
|
0-0: Called Strike 0-1: Called Strike 0-2: SOLO HOME RUN (Flyball, 78XD), Distance : 374 ft
|
Batting: LHB Chris Miller
|
0-0: Ball 1-0: Ball 2-0: Called Strike 2-1: Ball 3-1: Base on Balls
|
Batting: RHB Bob Johnson
|
0-0: Ball 1-0: Called Strike 1-1: Called Strike 1-2: Ball 2-2: Ball 3-2: Ground out 6-3 (Groundball, 6) Chris Miller to second
|
Pitching: RHP Alfonso Martínez
|
|
Batting: RHB Chris Parker
|
0-0: Called Strike 0-1: Ball 1-1: Called Strike 1-2: Ball 2-2: Strikes out swinging
|
Batting: RHB José Carlos Caraballo
|
0-0: Called Strike 0-1: Called Strike 0-2: Strikes out looking
|
Top of the 7th over - 1 run(s), 1 hit(s), 0 error(s), 1 left on base; El Dorado 5 - San Francisco 0 |
BOTTOM OF THE 7TH |
San Francisco Bandits batting - Pitching for El Dorado Oilers : RHP Mark Anderson
|
Batting: RHB Scott Merritt
|
0-0: Swinging Strike 0-1: Foul Ball, location: 2F 0-2: Ball 1-2: Foul Ball, location: 2F 1-2: Ball 2-2: Foul Ball, location: 2F 2-2: Foul Ball, location: 2F 2-2: Fly out, F3 (Line Drive, 34)
|
Batting: RHB Ramón Ruíz
|
0-0: Ball 1-0: Foul Ball, location: 2F 1-1: Ball 2-1: Foul Ball, location: 2F 2-2: Strikes out swinging
|
Batting: LHB Alberto Gómez
|
0-0: Ball 1-0: Swinging Strike 1-1: Ground out 3-1 (Groundball, 34)
|
Bottom of the 7th over - 0 run(s), 0 hit(s), 0 error(s), 0 left on base; El Dorado 5 - San Francisco 0 |
TOP OF THE 8TH |
El Dorado Oilers batting - Pitching for San Francisco Bandits : RHP Alfonso Martínez
|
Batting: LHB José Martínez
|
0-0: SINGLE (Groundball, 4D)
|
Batting: RHB Nick Webb
|
0-0: Ball 1-0: Foul Ball, location: 2F 1-1: Ball 2-1: Foul Ball, location: 2F 2-2: Ball 3-2: Fly out, F7 (Line Drive, 7LD)
|
Batting: LHB Ashley Pickhills
|
0-0: Ball 1-0: Called Strike 1-1: Foul Ball, location: 2F 1-2: Fielders Choice at 2nd, 6-4 (Groundball, 6)
|
Batting: LHB Tony Abete
|
0-0: Ball 1-0: Called Strike 1-1: Ball 2-1: Ground out U3 (Groundball, 3S)
|
Top of the 8th over - 0 run(s), 1 hit(s), 0 error(s), 1 left on base; El Dorado 5 - San Francisco 0 |
BOTTOM OF THE 8TH |
San Francisco Bandits batting - Pitching for El Dorado Oilers : RHP Mark Anderson
|
Pitching: RHP Craig Draper
|
|
Now at 1B: José Montoya
|
|
Batting: RHB Raúl Bruno
|
0-0: Ball 1-0: SINGLE (Line Drive, 6D)
|
Batting: LHB Seung-woo Yi
|
0-0: Called Strike 0-1: Foul Ball, location: 2F 0-2: Fly out, F7 (Flyball, 7LS)
|
Batting: RHB Owen Carter
|
0-0: Foul Ball, location: 2F 0-1: Called Strike 0-2: Ground out 4-3 (Groundball, 34) Raúl Bruno to second
|
Batting: LHB Mario García
|
0-0: Ball 1-0: Called Strike 1-1: Called Strike 1-2: Foul Ball, location: 2F 1-2: Strikes out swinging
|
Bottom of the 8th over - 0 run(s), 1 hit(s), 0 error(s), 1 left on base; El Dorado 5 - San Francisco 0 |
TOP OF THE 9TH |
El Dorado Oilers batting - Pitching for San Francisco Bandits : RHP Alfonso Martínez
|
Batting: LHB José Hernández
|
0-0: Called Strike 0-1: SINGLE (Line Drive, 4D)
|
Batting: LHB Chris Miller
|
0-0: Ball 1-0: Swinging Strike 1-1: Fly out, F7 (Flyball, 7S)
|
Batting: RHB Bob Johnson
|
0-0: Ball 1-0: Swinging Strike 1-1: Ball 2-1: Called Strike 2-2: Strikes out swinging
|
Pitching: RHP Mal Park
|
|
Batting: RHB Chris Parker
|
0-0: Called Strike 0-1: Called Strike 0-2: Ball 1-2: Strikes out looking
|
Top of the 9th over - 0 run(s), 1 hit(s), 0 error(s), 1 left on base; El Dorado 5 - San Francisco 0 |
BOTTOM OF THE 9TH |
San Francisco Bandits batting - Pitching for El Dorado Oilers : RHP Craig Draper
|
Batting: RHB Glenn Melican
|
0-0: Called Strike 0-1: SINGLE (Groundball, 6MD)
|
Batting: LHB Anacleto Morillo
|
0-0: Called Strike 0-1: Ball 1-1: Ball 2-1: Ball 3-1: Base on Balls Glenn Melican to second
|
Batting: RHB Scott Merritt
|
0-0: Ball 1-0: Fly out, F8 (Flyball, 89XD) Runner from 2nd tags up, SAFE at 3rd, no throw
|
Batting: RHB Ramón Ruíz
|
0-0: Ball 1-0: Ball 2-0: Ball 3-0: Base on Balls Anacleto Morillo to second
|
Pitching: RHP Rick Grant
|
|
Batting: LHB Alberto Gómez
|
0-0: Grounds into double play, 4-6-3 (Groundball, 4)
|
Bottom of the 9th over - 0 run(s), 1 hit(s), 0 error(s), 2 left on base; El Dorado 5 - San Francisco 0 |
|